 Dungeon Crawl Stone Soup version 0.29.1-15-g9cfb28693d (webtiles) character file.

Game seed: 18102218200049502145

422 mefisttt the Chiller (level 6, -1/32 HPs)
             Began as a Deep Elf Ice Elementalist on Mar 31, 2023.
             Was an Initiate of Sif Muna.
             Succumbed to an orc wizard's poison
             ... on level 5 of the Dungeon.
             The game lasted 00:09:15 (4330 turns).

mefisttt the Chiller (Deep Elf Ice Elementalist)    Turns: 4330, Time: 00:09:16

Health: -1/32      AC:  5    Str:  2 (5)  XL:     6   Next: 63%
Magic:  12/14      EV: 13    Int: 20 (22) God:    Sif Muna [......]
Gold:   166        SH:  0    Dex: 13 (15) Spells: 3/14 levels left

rFire   . . .      SeeInvis .   b - +0 sling
rCold   . . .      Faith    .   (no shield)
rNeg    . . .      Spirit   .   d - +0 robe
rPois   .          Reflect  .   (no helmet)
rElec   .          Harm     .   (no cloak)
rCorr   .          Rampage  .   (no gloves)
Will    .....                   w - +2 pair of boots
Stlth   +++.......              (no amulet)
HPRegen 0.10/turn               (no ring)
MPRegen 0.14/turn               (no ring)

@: lethally poisoned (-1 -> -31), freezing walls, flying
A: no striking features
a: Renounce Religion


You were on level 5 of the Dungeon.
You worshipped Sif Muna.
Sif Muna was noncommittal.
You visited 1 branch of the dungeon, and saw 5 of its levels.

You collected 166 gold pieces.

Inventory:

Hand Weapons
 a - a +4 short sword
 b - a +0 sling (weapon)
Missiles
 m - 2 throwing nets
Armour
 d - a +0 robe (worn)
 q - a +0 pair of boots
 w - a +2 pair of boots (worn)
Scrolls
 e - 2 scrolls of vulnerability {unknown}
 g - 2 scrolls of poison {unknown}
 h - a scroll of fog {unknown}
 i - 5 scrolls of identify {unknown}
 j - a scroll of silence {unknown}
 k - a scroll of acquirement {unknown}
 n - a scroll of teleportation {unknown}
 p - a scroll of summoning {unknown}
 u - a scroll of enchant armour {unknown}
 v - a scroll of fear {unknown}
 x - a scroll of noise {unknown}
Potions
 c - 2 potions of magic
 f - a potion of brilliance {unknown}
 l - a potion of degeneration
 o - a potion of curing {unknown}
 r - a potion of flight
 s - a potion of invisibility {unknown}
 t - a potion of resistance {unknown}


   Skills:
 + Level 3.7 Dodging
 + Level 4.2 Stealth
 + Level 4.6 Spellcasting
 * Level 3.9 Conjurations
 + Level 5.9 Ice Magic
 + Level 0.1 Invocations


You had 3 spell levels left.
You knew the following spells:

 Your Spells              Type           Power      Damage    Failure   Level
a - Freeze                Ice            100%       1d11      1%          1
q - Frozen Ramparts       Ice            56%        1d9       3%          3
s - Hailstorm             Conj/Ice       24%        3d7       16%         4
z - Ozocubu's Armour      Ice            28%        N/A       3%          3

Your spell library contained the following spells:

 Spells                   Type           Power      Damage    Failure   Level


Dungeon Overview and Level Annotations

Branches:
Dungeon (5/15)
 Temple: D:4-7

Altars:
Hepliaklqana
Nemelex Xobeh
Sif Muna


Message History

The wall freezes the orc wizard.
The orc wizard gestures at you while chanting.
You are confused.
An orc wizard comes into view. It is wielding a +6 dagger of venom.
The wall freezes the orc.
The orc wizard shouts!
The wall freezes the orc wizard!
The wall freezes the orc!
You kill the orc!
Sif Muna accepts your kill.
The wall freezes the orc wizard.
The wall freezes the orc!
You kill the orc!
Sif Muna accepts your kill.
The wall freezes the orc wizard but does no damage.
The wall freezes the orc wizard.
You kill the orc wizard!
Sif Muna accepts your kill.
The wall freezes the orc wizard but does no damage.
The orc wizard hits you with a +6 dagger of venom!
You are poisoned.
You feel very sick.
The wall freezes the orc wizard.
The orc wizard points at you and mumbles some strange words.
You resist with some effort.
You feel less confused.
You feel sick.
The wall freezes the orc wizard.
The orc wizard hits you with a +6 dagger of venom!
You are lethally poisoned!
It was a potion of flight.
You feel very buoyant.
You fly up into the air.
* * * LOW HITPOINT WARNING * * *
You feel very sick.
The wall freezes the orc wizard!
The orc wizard hits you with a +6 dagger of venom.
* * * LOW HITPOINT WARNING * * *
You are more poisoned.
It was a potion of degeneration.
There was something very wrong with that liquid.
You feel weakened.
You feel dopey.
You feel clumsy.
You die...

#######.$...
##..§........
#####..≈≈≈°≈.....
:......≈≈☼≈≈...# ###
.......≈≈_§≈.# ...#
...##.§§§≈≈.# ##...#
......≈≈.≈≈.###.)...##
..#.....☼.....o#)...#
..####..........@).)....
..........#..######...#.
...####.....## .# ..
###..##### ..##....#
.....#.## )....<.#
....#### ....##


You could see an orc wizard.

Vanquished Creatures
  Sigmund (D:2)
  Jessica (D:2)
  An iguana (D:4)
  An orc wizard (D:5)
  Robin (D:3)
  6 adders
  2 worms (D:2)
  3 dart slugs (D:2)
  5 orcs
  7 ball pythons
  8 bats
  7 endoplasms
  2 giant cockroaches (D:1)
  14 goblins
  13 hobgoblins
  2 jackals (D:4)
  7 kobolds
  A quokka (D:3)
  5 frilled lizards
  7 rats
94 creatures vanquished.

Notes
Turn   | Place    | Note
-------+----------+-------------------------------------------
     0 | D:1      | mefisttt the Deep Elf Ice Elementalist began the quest for
                  | the Orb.
     0 | D:1      | Reached XP level 1. HP: 10/10 MP: 6/6
   354 | D:1      | Reached XP level 2. HP: 15/15 MP: 8/8
   390 | D:1      | Reached skill level 1 in Conjurations
   670 | D:1      | Reached XP level 3. HP: 19/19 MP: 7/9
   674 | D:1      | Learned a level 3 spell: Frozen Ramparts
   678 | D:1      | Learned a level 3 spell: Ozocubu's Armour
  1286 | D:2      | Found a faded altar of an unknown god.
  1803 | D:2      | Reached skill level 5 in Ice Magic
  1813 | D:2      | Reached XP level 4. HP: 11/24 MP: 9/11
  1993 | D:2      | Noticed Sigmund
  2190 | D:2      | Noticed Jessica
  2196 | D:2      | Killed Jessica
  2793 | D:2      | Killed Sigmund
  2794 | D:2      | Reached XP level 5. HP: 21/28 MP: 3/13
  2794 | D:2      | Reached XP level 6. HP: 24/32 MP: 3/14
  3032 | D:3      | Noticed Robin
  3043 | D:3      | Killed Robin
  3148 | D:3      | Learned a level 4 spell: Hailstorm
  3182 | D:3      | Found a sparkling altar of Nemelex Xobeh.
  3820 | D:4      | Found a hazy altar of Hepliaklqana.
  4247 | D:5      | Entered Level 5 of the Dungeon
  4306 | D:5      | Found a shimmering blue altar of Sif Muna.
  4314 | D:5      | Became a worshipper of Sif Muna the Loreminder
  4330 | D:5      | Succumbed to an orc wizard's poison

Illustrated notes

Levels and vault maps discovered:
D:1:      mrwooster_arrival_statue_2, layout_loops_cross
D:2:      layout_basic, chequers_ecumenical_altar_simple, serial_rivers,
          chequers_serial_rivers_room_a, chequers_serial_rivers_large_a,
          chequers_serial_rivers_micro_a, chequers_serial_rivers_small_3,
          uniq_jessica, uniq_sigmund
D:3:      layout_basic, nemelex_diamond_rough_becter, uniq_robin
D:4:      layout_rooms, mainiacjoe_overflow_chevrons, nicolae_titane
D:5:      layout_rooms, okawaru_metal_pillars_3, nicolae_sif_muna_condensation,
          st_stairs_13, minmay_mini_ossuary

Skill      XL: |  1  2  3  4  5  6 |
---------------+-------------------+-----
Conjurations   | 1 2 3 |  3.9
Stealth        | 3 4 |  4.2
Ice Magic      | 5 |  5.9
Dodging        | 3 |  3.7
Spellcasting   | 4 |  4.6
Invocations    | |  0.1

Action                   |  1- 3 |  4- 6 || total
-------------------------+-------+-------++-------
Melee: Short sword       |     2 |       ||     2
 Fire: Sling             |    72 |    89 ||   161
 Cast: Freeze            |    23 |    24 ||    47
       Frozen Ramparts   |     1 |     8 ||     9
       Ozocubu's Armour  |     1 |     3 ||     4
  Use: Potion            |       |     2 ||     2
Armor: Robe              |     7 |     3 ||    10
Dodge: Dodged            |    14 |    19 ||    33
